 Dungeon Crawl Stone Soup version 0.19.0-16-g73b5abf (webtiles) character file.

211 Melicamp the Magician (level 5, -6/21 HPs)
             Began as a Felid Conjurer on Nov 10, 2016.
             Killed from afar by feelmyfire's ghost (9 damage)
             ... with a magic dart
             ... on level 3 of the Dungeon.
             The game lasted 00:39:25 (5220 turns).

Melicamp the Magician (Felid Conjurer)              Turns: 5220, Time: 00:39:25

Health: -6/21      AC:  2    Str:  4    XL:     5   Next: 57%
Magic:  9/14       EV: 19    Int: 19    God:
Gold:   152        SH:  0    Dex: 16    Spells: 2 memorised, 11 levels left
                                        Lives:  0   Deaths: 1

rFire  + . .     SeeInvis +     (weapon unavailable)
rCold  x . .     Gourm    .     (armour unavailable)
rNeg   . . .     Faith    +     (shield unavailable)
rPois  .         Spirit   .     (helmet unavailable)
rElec  .         Reflect  .     (cloak unavailable)
rCorr  .         Harm     .     (gloves unavailable)
MR     .....                    (boots unavailable)
Stlth  +++.......               g - amulet of faith
                                (no ring)
                                k - ring of fire

@: quick
A: no armour, no weapons or thrown items, stealth, claws 1, fangs 3, see
invisible, carnivore 3, speed 1, shaggy fur 2, slow metabolism 1, sharp paws
a: no special abilities


You were on level 3 of the Dungeon.
You were not hungry.

You visited 1 branch of the dungeon, and saw 3 of its levels.

You collected 152 gold pieces.

Inventory:

Jewellery
 g - an amulet of faith (around neck)
 k - a ring of fire (left paw)
Wands
 s - a wand of paralysis (7/24)
Scrolls
 n - 3 scrolls of remove curse
 t - a scroll of teleportation
Potions
 c - a potion of agility {unknown}
 d - 2 potions of invisibility {unknown}
 e - a potion of berserk rage {unknown}
 f - 2 potions of flight {unknown}
 h - 2 potions of might {unknown}
 i - a potion of cure mutation {unknown}
 j - 4 potions of curing
 l - a potion of magic {unknown}
 q - a potion of ambrosia {unknown}
 r - 2 potions of brilliance {unknown}
Books
 a - a book of Conjurations

   Spells                             Type                      Level
   a - Magic Dart                     Conjuration                  1
   b - Searing Ray                    Conjuration                  2
   c - Dazzling Spray                 Conjuration/Hexes            3
   d - Fulminant Prism                Conjuration/Hexes            4
   e - Iskenderun's Mystic Blast      Conjuration                  4
   f - Iskenderun's Battlesphere      Conjuration/Charms           5
Comestibles
 b - 2 meat rations
 m - 2 slices of pizza


   Skills:
 * Level 4.1 Dodging
 - Level 2.6 Stealth
 + Level 5.9 Spellcasting
 - Level 4.0 Conjurations


You had 11 spell levels left.
You knew the following spells:

 Your Spells              Type           Power        Failure   Level  Hunger
a - Magic Dart            Conj           ###.         2%          1    None
b - Dazzling Spray        Conj/Hex       ##....       17%         3    ##.....


Dungeon Overview and Level Annotations

Branches:
Dungeon (3/15)

Altars:
Cheibriados

Annotations:
D:3 feelmyfire's ghost, amateur DECj


Innate Abilities, Weirdness & Mutations

You cannot wear armour.
You are incapable of wielding weapons or throwing items.
Your paws allow you to move quietly. (Stealth)
You have sharp claws.
You have razor-sharp teeth.
You have supernaturally acute eyesight. (SInv)
You are carnivorous and can eat meat at any time.
You cover ground quickly.
You are covered in thick fur. (AC +2)
You have a slow metabolism.
Your sharp claws are effective at attacking unaware monsters.


Message History

Press: ? - help, Shift-Dir - straight line, f/p - feelmyfire's ghost
Aim: feelmyfire's ghost (lightly damaged)
The magic dart hits feelmyfire's ghost.
Feelmyfire's ghost is lightly damaged.
Feelmyfire's ghost casts a spell at you.
The magic dart hits you!
Casting: Magic Dart
Confirm with . or Enter, or press ? or * to list all spells.
Aiming: Magic Dart
Press: ? - help, Shift-Dir - straight line, f/p - feelmyfire's ghost
Aim: feelmyfire's ghost (lightly damaged)
The magic dart hits feelmyfire's ghost.
Feelmyfire's ghost is lightly damaged.
There is a stone staircase leading down here.
Feelmyfire's ghost points at you and mumbles some strange words.
The magic dart hits you!
* * * LOW HITPOINT WARNING * * *
Feelmyfire's ghost casts a spell at you.
The magic dart hits you!
You die...

#...........######.### #
#.......##### #...###
#.......# ###....
#.......# #....##
#....$..# #####.#.###
##.###### ###.....#....
#..# ####............
###.#######...............
#....W...@..##............
#......#######.......(....
#.%....# #............
#......# #............
######## #.....<......
##........... ######
#........... #...[#
###.###..#####
#....###...>...##


You could see feelmyfire's ghost.

Vanquished Creatures
  Sigmund (D:2)
  An ogre (D:3)
  3 gnolls (D:2)
  4 adders (D:2)
  An ooze (D:3)
  A worm (D:3)
  5 dart slugs
  2 leopard geckos
  3 orcs (D:3)
  8 giant cockroaches
  8 hobgoblins
  4 ball pythons
  12 bats
  6 frilled lizards
  7 goblins
  7 kobolds
  9 rats
82 creatures vanquished.

Notes
Turn   | Place    | Note
-------+----------+-------------------------------------------
     0 | D:1      | Melicamp the Felid Conjurer began the quest for the Orb.
     0 | D:1      | Reached XP level 1. HP: 7/7 MP: 4/4
   363 | D:1      | Reached XP level 2. HP: 4/11 MP: 0/6
  1432 | D:2      | Reached XP level 3. HP: 14/14 MP: 5/8
  1440 | D:2      | Reached skill level 3 in Spellcasting
  2102 | D:2      | Reached XP level 4. HP: 18/18 MP: 5/10
  2467 | D:2      | Noticed Sigmund
  2484 | D:2      | Learned a level 3 spell: Dazzling Spray
  2547 | D:2      | Found a snail-covered altar of Cheibriados.
  2712 | D:2      | Reached skill level 4 in Spellcasting
  3253 | D:2      | Killed Sigmund
  3253 | D:2      | Reached skill level 5 in Spellcasting
  3253 | D:2      | Reached XP level 5. HP: 21/21 MP: 0/14
  3253 | D:2      | Gained mutation: You are covered in thick fur. (AC +2) [Felid growth]
  3253 | D:2      | Reached XP level 6. HP: 24/24 MP: 0/15
  4927 | D:3      | Noticed feelmyfire's ghost (amateur DECj)
  5095 | D:3      | HP: 1/24 [orc wizard/puff of flame (3)]
  5097 | D:3      | Killed from afar by an orc wizard
  5098 | D:3      | Reached XP level 5. HP: -6/21 MP: 12/14
  5220 | D:3      | Killed from afar by feelmyfire's ghost

Skill      XL: |  1  2  3  4  5  6 |
---------------+-------------------+-----
Conjurations   | 4 |  4.0
Spellcasting   | 3 5 |  5.9
Dodging        | 4 |  4.1
Stealth        | |  2.6

Action                   |  1- 3 |  4- 6 || total
-------------------------+-------+-------++-------
Melee: Unarmed           |    16 |     8 ||    24
       Bite              |     1 |       ||     1
 Cast: Magic Dart        |    77 |   143 ||   220
       Dazzling Spray    |       |     4 ||     4
  Use: Scroll            |     5 |     2 ||     7
 Stab: Sleeping          |     1 |       ||     1
  Eat: Chunk             |    10 |     5 ||    15
Armor: Skin              |     2 |     9 ||    11
Dodge: Dodged            |    21 |    54 ||    75
